[Event "Najdorf Memorial-A 2022"]
[Site "Warsaw"]
[Date "2022.07.15"]
[Round "7.10"]
[White "Kazmierowski, Tymon"]
[Black "Musial, Tomasz"]
[Result "0-1"]
[ECO "A40"]
[WhiteElo "1961"]
[BlackElo "2131"]
[Annotator "ChessBase"]
[PlyCount "146"]
[EventDate "2022.07.09"]
[EventType "swiss"]
[EventCountry "POL"]
[SourceTitle "playchess.com"]
[Source "ChessBase"]
[SourceQuality "1"]
[TimeControl "40/5400+30:1800+30"]

1. d4 e6 2. c4 Nf6 3. g3 Bb4+ 4. Nd2 d5 5. Bg2 O-O 6. Ngf3 b6 7. cxd5 exd5 8. O-O Bb7 9. a3 Bd6 10. b3 Nbd7 11. Bb2 Re8 12. Re1 Ne4 13. Nxe4 dxe4 14. Nd2 Nf6 15. Nc4 Nd5 16. Qc2 Qe7 17. Ne5 f6 18. Nc6 Qd7 19. Rac1 Bf8 20. e3 a5 21. Bf1 Re6 22. Bb5 Qf7 23. Qc4 Qh5 24. Qe2 Qxe2 25. Rxe2 Ba6 26. Bxa6 Rxa6 27. Rec2 Ra8 28. Kf1 Kf7 29. Ke2 Ke8 30. Kd1 Kd7 31. g4 g5 32. Ke2 Bd6 33. h3 Kc8 34. b4 axb4 35. axb4 Ra2 36. b5 Re8 37. Kd2 Kd7 38. Bc3 Rxc2+ 39. Rxc2 Ra8 40. Ke2 Ra3 41. Bd2 Rb3 42. Na7 Rb1 43. Rc1 Rb2 44. Kd1 Nb4 45. Bxb4 Bxb4 46. Rc2 Rb1+ 47. Rc1 Rxc1+ 48. Kxc1 Be1 49. Nc6 Bxf2 50. Kd2 Ke6 51. Nb4 Bg3 52. Na2 f5 53. gxf5+ Kxf5 54. Ke2 h5 55. Nc3 h4 56. Kf1 g4 57. Kg2 Bd6 58. hxg4+ Kxg4 59. Nxe4 h3+ 60. Kg1 Kf3 61. Ng5+ Kxe3 62. Nxh3 Kxd4 63. Kf2 Kc4 64. Ke3 Kxb5 65. Kd3 c5 66. Nf2 c4+ 67. Kc2 Kc5 68. Ne4+ Kd5 69. Nd2 b5 70. Kb2 b4 71. Kc2 Bf4 72. Nb1 Kd4 73. Kb2 Kd3 0-1

[Event "Najdorf Memorial-A 2022"]
[Site "Warsaw"]
[Date "2022.07.15"]
[Round "7.11"]
[White "Kutowski, Marcel"]
[Black "Sowul, Bartosz"]
[Result "1/2-1/2"]
[ECO "B41"]
[WhiteElo "1961"]
[BlackElo "2283"]
[Annotator "ChessBase"]
[PlyCount "116"]
[EventDate "2022.07.09"]
[EventType "swiss"]
[EventCountry "POL"]
[SourceTitle "playchess.com"]
[Source "ChessBase"]
[SourceQuality "1"]
[TimeControl "40/5400+30:1800+30"]

1. e4 c5 2. Nf3 e6 3. d4 cxd4 4. Nxd4 a6 5. c4 Qc7 6. Nc3 Nf6 7. a3 b6 8. Be3 Bb7 9. f3 d6 10. Be2 Nbd7 11. O-O Be7 12. Rc1 O-O 13. b4 Rac8 14. Nb3 Qb8 15. Qd2 Bd8 16. Kh1 Bc7 17. Rfd1 Rcd8 18. Bf1 d5 19. cxd5 exd5 20. Nxd5 Nxd5 21. exd5 Nf6 22. Qc2 Bxh2 23. Bxb6 Rxd5 24. Rxd5 Nxd5 25. Bc5 Re8 26. Bd3 g6 27. Bd4 Bg3 28. Bf2 Re5 29. Be4 Bf4 30. Rd1 Qf8 31. g3 Qh6+ 32. Kg2 Rh5 33. Bxd5 Rh2+ 34. Kf1 Qh3+ 35. Ke1 Bxd5 36. gxf4 Qe6+ 37. Qe2 Rh1+ 38. Kd2 Rxd1+ 39. Kxd1 Bxb3+ 40. Ke1 Qc6 41. Bd4 Qc1+ 42. Kf2 Qc2 43. Qxc2 Bxc2 44. Bf6 Kf8 45. Ke3 Ke8 46. Kd4 Kd7 47. Ke5 Bd1 48. Bh4 Bxf3 49. Kf6 Bd5 50. a4 Bb3 51. b5 axb5 52. axb5 Be6 53. b6 Kc6 54. Bf2 h6 55. Kg7 g5 56. Kxh6 gxf4 57. Kg5 f3 58. Kf4 Bd5 1/2-1/2

[Event "Najdorf Memorial-A 2022"]
[Site "Warsaw"]
[Date "2022.07.15"]
[Round "7.12"]
[White "Podgorski, Maciej"]
[Black "Fiedorek, Michal"]
[Result "1-0"]
[ECO "B69"]
[WhiteElo "1967"]
[BlackElo "2289"]
[Annotator "ChessBase"]
[PlyCount "71"]
[EventDate "2022.07.09"]
[EventType "swiss"]
[EventCountry "POL"]
[SourceTitle "playchess.com"]
[Source "ChessBase"]
[SourceQuality "1"]
[TimeControl "40/5400+30:1800+30"]

1. e4 c5 2. Nf3 d6 3. d4 cxd4 4. Nxd4 Nf6 5. Nc3 Nc6 6. Bg5 e6 7. Qd2 a6 8. O-O-O Bd7 9. f4 Be7 10. Nf3 b5 11. Bxf6 gxf6 12. Kb1 Qa5 13. f5 Rc8 14. g3 Ne5 15. Nxe5 fxe5 16. Bh3 b4 17. Ne2 Qc5 18. Nc1 O-O 19. g4 Kh8 20. g5 Rg8 21. f6 Bd8 22. Bg2 a5 23. h4 Ba4 24. Nb3 Qc7 25. Bf3 Bb5 26. Na1 Qc4 27. Qxd6 Bc7 28. Qe7 a4 29. Rhe1 a3 30. Be2 Qc6 31. Bxb5 Qxb5 32. Rd7 b3 33. axb3 Qa5 34. b4 a2+ 35. Kc1 Qa4 36. Qxf7 1-0

[Event "Najdorf Memorial-A 2022"]
[Site "Warsaw"]
[Date "2022.07.15"]
[Round "7.13"]
[White "Kaczmarek, Arkadiusz"]
[Black "Maslanka, Wojciech"]
[Result "0-1"]
[ECO "D38"]
[WhiteElo "2147"]
[BlackElo "2000"]
[Annotator "ChessBase"]
[PlyCount "82"]
[EventDate "2022.07.09"]
[EventType "swiss"]
[EventCountry "POL"]
[SourceTitle "playchess.com"]
[Source "ChessBase"]
[SourceQuality "1"]
[TimeControl "40/5400+30:1800+30"]

1. d4 Nf6 2. c4 e6 3. Nf3 d5 4. Nc3 Bb4 5. Qb3 a5 6. a3 a4 7. Qc2 Bxc3+ 8. bxc3 dxc4 9. g4 Qd5 10. Rg1 Qa5 11. Bd2 b5 12. g5 Nfd7 13. e4 Bb7 14. O-O-O Na6 15. h4 O-O-O 16. Bh3 Kb8 17. Kb2 Ka8 18. Ka2 Rb8 19. Rb1 Rhd8 20. Bf4 Rbc8 21. Rge1 c5 22. Qb2 b4 23. axb4 cxb4 24. cxb4 Qb5 25. Qc3 Nb6 26. Bf1 f5 27. gxf6 gxf6 28. Nd2 e5 29. Be3 exd4 30. Bxd4 a3 31. Be3 Na4 32. Qxa3 Rc7 33. Rec1 Rxd2+ 34. Bxd2 Bxe4 35. Ra1 Rd7 36. Bc3 Nxc3+ 37. Qxc3 Qa4+ 38. Kb2 Rd2+ 39. Rc2 Rxc2+ 40. Qxc2 Qxc2+ 41. Ka3 Qb3# 0-1

[Event "Najdorf Memorial-A 2022"]
[Site "Warsaw"]
[Date "2022.07.15"]
[Round "7.14"]
[White "Vanduyfhuys, Daria"]
[Black "Zalega, Maciej"]
[Result "1/2-1/2"]
[ECO "E15"]
[WhiteElo "2094"]
[BlackElo "1912"]
[Annotator "ChessBase"]
[PlyCount "84"]
[EventDate "2022.07.09"]
[EventType "swiss"]
[EventCountry "POL"]
[SourceTitle "playchess.com"]
[Source "ChessBase"]
[SourceQuality "1"]
[TimeControl "40/5400+30:1800+30"]

1. d4 Nf6 2. c4 e6 3. Nf3 b6 4. g3 Ba6 5. b3 Bb4+ 6. Bd2 Be7 7. Bg2 O-O 8. O-O d5 9. Bc3 c5 10. Nbd2 Qc7 11. dxc5 bxc5 12. Bb2 Nbd7 13. Qc2 Rac8 14. Rfe1 Rfd8 15. Rac1 Bb7 16. Qb1 Nb6 17. cxd5 exd5 18. Be5 Qc6 19. Nd4 Qe8 20. Nf5 Nbd7 21. Bd6 Bf8 22. e4 d4 23. Nc4 Nb6 24. Bxf8 Qxf8 25. Nfd6 Rc7 26. Nb5 Re7 27. Nxa7 Nxc4 28. bxc4 Bxe4 29. Bxe4 Rxa7 30. Bf3 Qd6 31. Rc2 Ra3 32. Kg2 Rxf3 33. Kxf3 Qc6+ 34. Kf4 d3 35. Rb2 Rd4+ 36. Ke3 g6 37. f3 Qe6+ 38. Kf2 Qxc4 39. Rd1 Nd5 40. Rbd2 Nc3 41. Qb8+ Kg7 42. Qe5+ Kg8 1/2-1/2

[Event "Najdorf Memorial-A 2022"]
[Site "Warsaw"]
[Date "2022.07.15"]
[Round "7.15"]
[White "Polak, Michal"]
[Black "Janeczko, Jakub"]
[Result "0-1"]
[ECO "A43"]
[WhiteElo "1944"]
[BlackElo "2080"]
[Annotator "ChessBase"]
[PlyCount "80"]
[EventDate "2022.07.09"]
[EventType "swiss"]
[EventCountry "POL"]
[SourceTitle "playchess.com"]
[Source "ChessBase"]
[SourceQuality "1"]
[TimeControl "40/5400+30:1800+30"]

1. d4 c5 2. d5 g6 3. c4 d6 4. g3 Bg7 5. Nf3 Nf6 6. Nc3 O-O 7. Bg2 e6 8. O-O exd5 9. cxd5 Re8 10. Re1 Ne4 11. Nxe4 Rxe4 12. Bf4 b5 13. a4 Ba6 14. axb5 Bxb5 15. Nd2 Rd4 16. Ra2 g5 17. Be3 Rb4 18. Qc2 Qf6 19. Ne4 Qg6 20. b3 Na6 21. Nxg5 Qxc2 22. Rxc2 Re8 23. Bf4 Be5 24. Bd2 Rxb3 25. e4 c4 26. Nf3 c3 27. Be3 Nb4 28. Rcc1 Rc8 29. Nxe5 dxe5 30. Rb1 Rxb1 31. Rxb1 c2 32. Ra1 Rc3 33. Bf1 Bxf1 34. Kxf1 Rxe3 35. fxe3 Nd3 36. Ke2 c1=Q 37. Rxc1 Nxc1+ 38. Kd2 Nb3+ 39. Kc3 Nc5 40. Kb4 Nxe4 0-1

[Event "Najdorf Memorial-A 2022"]
[Site "Warsaw"]
[Date "2022.07.15"]
[Round "7.16"]
[White "Bojczewski, Mateusz"]
[Black "Shilov, Sergej"]
[Result "1-0"]
[ECO "A10"]
[WhiteElo "1735"]
[BlackElo "2048"]
[Annotator "ChessBase"]
[PlyCount "106"]
[EventDate "2022.07.09"]
[EventType "swiss"]
[EventCountry "POL"]
[SourceTitle "playchess.com"]
[Source "ChessBase"]
[SourceQuality "1"]
[TimeControl "40/5400+30:1800+30"]

1. c4 d6 2. g3 e5 3. Bg2 Nc6 4. Nc3 f5 5. d3 Nf6 6. e3 Be7 7. Nge2 O-O 8. a3 Qe8 9. Nd5 Nxd5 10. cxd5 Nb8 11. b4 c6 12. Bb2 cxd5 13. Bxd5+ Kh8 14. Rc1 Bf6 15. O-O Nc6 16. Nc3 f4 17. Ne4 Bh3 18. Re1 fxe3 19. fxe3 Qd7 20. Nf2 Be6 21. Bxe6 Qxe6 22. Qg4 Qxg4 23. Nxg4 a6 24. e4 Bg5 25. Rc2 Rf3 26. Rd1 h5 27. Nf2 Be3 28. Kg2 Raf8 29. Nh3 g5 30. Nf4 R3xf4 31. gxf4 Rxf4 32. Rf1 Rg4+ 33. Kh1 Kh7 34. Rg2 Rh4 35. Bc1 Bxc1 36. Rxc1 Kg6 37. Rcg1 g4 38. Rf1 Nd4 39. a4 Ne6 40. Rc1 Nf4 41. Rd2 Rh3 42. b5 axb5 43. axb5 Re3 44. Kg1 h4 45. Rc7 g3 46. hxg3 hxg3 47. Rd1 Re2 48. Rc8 Nh3+ 49. Kf1 Rf2+ 50. Ke1 g2 51. Rg8+ Kf7 52. Rg3 Rf1+ 53. Ke2 Rxd1 1-0

[Event "Najdorf Memorial-A 2022"]
[Site "Warsaw"]
[Date "2022.07.15"]
[Round "7.17"]
[White "Zdybel, Przemyslaw"]
[Black "Celinski, Kamil"]
[Result "0-1"]
[ECO "C89"]
[WhiteElo "2026"]
[BlackElo "1876"]
[Annotator "ChessBase"]
[PlyCount "92"]
[EventDate "2022.07.09"]
[EventType "swiss"]
[EventCountry "POL"]
[SourceTitle "playchess.com"]
[Source "ChessBase"]
[SourceQuality "1"]
[TimeControl "40/5400+30:1800+30"]

1. e4 e5 2. Nf3 Nc6 3. Bb5 a6 4. Ba4 Nf6 5. O-O Be7 6. Re1 b5 7. Bb3 O-O 8. c3 d5 9. exd5 Nxd5 10. Nxe5 Nxe5 11. Rxe5 c6 12. d4 Bd6 13. Re1 Qh4 14. g3 Qh3 15. Re4 g5 16. Qf1 Qh6 17. Nd2 f5 18. Re1 f4 19. Qg2 f3 20. Nxf3 Bh3 21. Qh1 Qf6 22. Bxg5 Qxf3 23. Qxf3 Rxf3 24. Bd1 Rf5 25. f4 Kh8 26. Kh1 Rg8 27. Bc2 Rf7 28. Be4 Bd7 29. a4 b4 30. c4 Nf6 31. Bg2 c5 32. Rad1 Rxg5 33. fxg5 Ng4 34. Rd2 cxd4 35. Bd5 Rf8 36. Rxd4 Nf2+ 37. Kg1 Bc5 38. Re7 Bxe7 39. g6 hxg6 40. Bg2 Bxa4 41. Rd5 Bc6 42. Re5 Bxg2 43. Kxg2 Rf7 44. Re6 Nd3 45. Rxg6 Nxb2 46. Rxa6 Nxc4 0-1

[Event "Najdorf Memorial-A 2022"]
[Site "Warsaw"]
[Date "2022.07.16"]
[Round "8.1"]
[White "Sarkar, Justin"]
[Black "Pacan-Milej, Kosma"]
[Result "0-1"]
[ECO "E94"]
[WhiteElo "2346"]
[BlackElo "2412"]
[Annotator "ChessBase"]
[PlyCount "68"]
[EventDate "2022.07.09"]
[EventType "swiss"]
[EventCountry "POL"]
[SourceTitle "playchess.com"]
[Source "ChessBase"]
[SourceQuality "1"]
[TimeControl "40/5400+30:1800+30"]

1. d4 Nf6 2. c4 g6 3. Nc3 Bg7 4. e4 O-O 5. Nf3 d6 6. Be2 e5 7. O-O Bg4 8. d5 a5 9. Be3 Na6 10. Nd2 Bd7 11. Rb1 h5 12. f3 Kh7 13. a3 Bh6 14. Bxh6 Kxh6 15. b4 axb4 16. axb4 c5 17. dxc6 bxc6 18. b5 Nc5 19. Nb3 Nxb3 20. Rxb3 cxb5 21. cxb5 Be6 22. Ra3 Qb6+ 23. Kh1 Rxa3 24. Qc1+ Kg7 25. Qxa3 h4 26. Nd1 d5 27. exd5 Nxd5 28. Bc4 h3 29. g3 Rc8 30. Be2 Rc2 31. Qd3 Nb4 32. Qe4 Qd4 33. Qxd4 exd4 34. Rf2 Rc1 0-1

[Event "Najdorf Memorial-A 2022"]
[Site "Warsaw"]
[Date "2022.07.16"]
[Round "8.2"]
[White "Romanishin, Oleg M"]
[Black "Chomczyk, Marek"]
[Result "0-1"]
[ECO "A05"]
[WhiteElo "2404"]
[BlackElo "2290"]
[Annotator "ChessBase"]
[PlyCount "82"]
[EventDate "2022.07.09"]
[EventType "swiss"]
[EventCountry "POL"]
[SourceTitle "playchess.com"]
[Source "ChessBase"]
[SourceQuality "1"]
[TimeControl "40/5400+30:1800+30"]

1. Nf3 Nf6 2. g3 g6 3. Bg2 Bg7 4. c4 O-O 5. O-O d6 6. d4 c5 7. b3 d5 8. Bb2 dxc4 9. dxc5 Qa5 10. Nbd2 c3 11. Nc4 Qxc5 12. Bxc3 Nc6 13. Qc1 Be6 14. Nce5 Ng4 15. Nxc6 Bxc3 16. Ng5 bxc6 17. Ne4 Qh5 18. h3 Bxa1 19. hxg4 Bxg4 20. Qxa1 Bxe2 21. Rc1 Rad8 22. Qc3 Rd3 23. Qxc6 Bf3 24. Qc5 Qxc5 25. Nxc5 Rd1+ 26. Rxd1 Bxd1 27. Kf1 Rd8 28. Ke1 Bg4 29. f3 Bf5 30. Ke2 h5 31. f4 e5 32. fxe5 Re8 33. b4 Rxe5+ 34. Kf2 g5 35. a3 Kg7 36. Bf3 Bg4 37. Be4 Be6 38. Bf3 Kh6 39. Nd3 Rf5 40. Ke3 Bd5 41. Be2 Bc4 0-1

[Event "Najdorf Memorial-A 2022"]
[Site "Warsaw"]
[Date "2022.07.16"]
[Round "8.3"]
[White "Fiszer, Bartosz"]
[Black "Noe, Christopher"]
[Result "0-1"]
[ECO "B19"]
[WhiteElo "2228"]
[BlackElo "2505"]
[Annotator "ChessBase"]
[PlyCount "124"]
[EventDate "2022.07.09"]
[EventType "swiss"]
[EventCountry "POL"]
[SourceTitle "playchess.com"]
[Source "ChessBase"]
[SourceQuality "1"]
[TimeControl "40/5400+30:1800+30"]

1. e4 c6 2. d4 d5 3. Nd2 dxe4 4. Nxe4 Bf5 5. Ng3 Bg6 6. h4 h6 7. Nf3 Nd7 8. h5 Bh7 9. Bd3 Bxd3 10. Qxd3 e6 11. Bd2 Ngf6 12. O-O-O Be7 13. Ne4 Qb6 14. Nxf6+ Bxf6 15. g4 c5 16. g5 hxg5 17. Bxg5 O-O-O 18. Qc3 Qc7 19. Bxf6 Nxf6 20. Qxc5 Qxc5 21. dxc5 Rxd1+ 22. Kxd1 Ne4 23. Ke2 Nxc5 24. Rg1 Rxh5 25. Rxg7 Rf5 26. Nd4 Rf4 27. c3 e5 28. Nb5 Kd7 29. Nxa7 Na4 30. Rg5 Ke6 31. Rg8 Nxb2 32. Rb8 Na4 33. Rxb7 Nxc3+ 34. Ke1 Rd4 35. Kf1 Rd2 36. Nc6 f6 37. a3 Ne4 38. Ke1 Rxf2 39. Rb4 Rc2 40. Nd8+ Kd5 41. a4 Nd6 42. a5 Rc8 43. Nb7 Nxb7 44. Rxb7 Rc1+ 45. Kd2 Ra1 46. Ra7 f5 47. Kc3 f4 48. Kb2 Rg1 49. a6 Rg6 50. Rd7+ Ke4 51. a7 Ra6 52. Rb7 f3 53. Rb4+ Ke3 54. Rb3+ Ke2 55. Ra3 Rxa7 56. Rxa7 f2 57. Re7 f1=Q 58. Rxe5+ Kd3 59. Rd5+ Kc4 60. Rd2 Qf3 61. Rh2 Qc3+ 62. Kb1 Kb3 0-1

[Event "Najdorf Memorial-A 2022"]
[Site "Warsaw"]
[Date "2022.07.16"]
[Round "8.4"]
[White "Jarmula, Lukasz"]
[Black "Danielyan, Vahe"]
[Result "1-0"]
[ECO "C85"]
[WhiteElo "2452"]
[BlackElo "2295"]
[Annotator "ChessBase"]
[PlyCount "153"]
[EventDate "2022.07.09"]
[EventType "swiss"]
[EventCountry "POL"]
[SourceTitle "playchess.com"]
[Source "ChessBase"]
[SourceQuality "1"]
[TimeControl "40/5400+30:1800+30"]

1. e4 e5 2. Nf3 Nc6 3. Bb5 a6 4. Ba4 Nf6 5. O-O Be7 6. Bxc6 dxc6 7. d3 Nd7 8. Be3 O-O 9. Nc3 f6 10. Nh4 Nb8 11. Nf5 Bxf5 12. exf5 c5 13. Ne4 Nd7 14. c3 Kh8 15. Qb3 b6 16. Rad1 Qe8 17. Qe6 Rf7 18. d4 exd4 19. cxd4 cxd4 20. Bxd4 Bf8 21. f3 Re7 22. Qc4 Ne5 23. Bxe5 Rxe5 24. g4 Qb5 25. b3 Qxc4 26. bxc4 b5 27. Rd7 Rc8 28. Rc1 Re7 29. Rd3 b4 30. c5 Rb8 31. c6 Kg8 32. Rd7 a5 33. Rd5 a4 34. Ra5 a3 35. Kf2 b3 36. axb3 Rxb3 37. Ra8 Kf7 38. Rd1 Re8 39. Rd7+ Be7 40. Ra7 Kf8 41. Rdxc7 Rb2+ 42. Kg3 Rc2 43. h4 h6 44. Kh3 Rc1 45. g5 h5 46. g6 Rc4 47. Nd6 Bxd6 48. Rf7+ Kg8 49. Rxg7+ Kh8 50. Rh7+ Kg8 51. Rag7+ Kf8 52. Rd7 Kg8 53. Rxd6 Ra4 54. Rd1 a2 55. Ra1 Ra3 56. c7 Rxf3+ 57. Kg2 Ra3 58. Rd7 Raa8 59. Kf2 Rf8 60. Ke2 Rfe8+ 61. Kd2 Rec8 62. Kc3 Re8 63. Kb3 Re3+ 64. Kc4 Ree8 65. Kb5 Rf8 66. Kb6 Ra3 67. Rd8 Rb3+ 68. Kc6 Rc3+ 69. Kb7 Rb3+ 70. Kc8 Rb2 71. Rxf8+ Kxf8 72. Kd7 Rd2+ 73. Ke6 Rc2 74. Kxf6 Rxc7 75. Rxa2 Rc6+ 76. Kg5 Kg7 77. f6+ 1-0

[Event "Najdorf Memorial-A 2022"]
[Site "Warsaw"]
[Date "2022.07.16"]
[Round "8.5"]
[White "Praczukowski, Stanislaw"]
[Black "Golubka, Petro"]
[Result "0-1"]
[ECO "A40"]
[WhiteElo "2055"]
[BlackElo "2378"]
[Annotator "ChessBase"]
[PlyCount "46"]
[EventDate "2022.07.09"]
[EventType "swiss"]
[EventCountry "POL"]
[SourceTitle "playchess.com"]
[Source "ChessBase"]
[SourceQuality "1"]
[TimeControl "40/5400+30:1800+30"]

1. d4 e6 2. c4 b6 3. a3 d5 4. cxd5 exd5 5. Nc3 Be7 6. g3 Nf6 7. Bg2 O-O 8. Nf3 Bb7 9. O-O Na6 10. b4 c6 11. Ne5 Nc7 12. Rb1 b5 13. a4 a6 14. Qc2 Ne6 15. Rd1 Qc7 16. f4 Rfc8 17. Be3 a5 18. f5 Nd8 19. bxa5 Qxa5 20. Bd2 Qa7 21. Bf4 b4 22. Na2 c5 23. Nd3 b3 0-1

[Event "Najdorf Memorial-A 2022"]
[Site "Warsaw"]
[Date "2022.07.16"]
[Round "8.6"]
[White "Musial, Tomasz"]
[Black "Sriram, Jha"]
[Result "0-1"]
[ECO "D12"]
[WhiteElo "2131"]
[BlackElo "2361"]
[Annotator "ChessBase"]
[PlyCount "60"]
[EventDate "2022.07.09"]
[EventType "swiss"]
[EventCountry "POL"]
[SourceTitle "playchess.com"]
[Source "ChessBase"]
[SourceQuality "1"]
[TimeControl "40/5400+30:1800+30"]

1. d4 d5 2. c4 c6 3. Nf3 Nf6 4. e3 Bf5 5. Nc3 e6 6. Nh4 Be4 7. f3 Bg6 8. Nxg6 hxg6 9. g3 Bd6 10. Kf2 Nbd7 11. Kg2 O-O 12. Qb3 Rb8 13. a4 Qe7 14. Bd2 Rfd8 15. Rc1 dxc4 16. Bxc4 e5 17. Rhe1 g5 18. f4 b5 19. axb5 cxb5 20. Bf1 b4 21. fxe5 bxc3 22. Qxc3 Nxe5 23. dxe5 Bb4 24. exf6 Qe4+ 25. Kg1 Bxc3 26. Bxc3 gxf6 27. Bxf6 Rdc8 28. Bc3 Rxc3 29. bxc3 Rb2 30. Ba6 Qg2# 0-1

[Event "Najdorf Memorial-A 2022"]
[Site "Warsaw"]
[Date "2022.07.16"]
[Round "8.7"]
[White "Janeczko, Jakub"]
[Black "Backiel, Hubert"]
[Result "0-1"]
[ECO "B93"]
[WhiteElo "2080"]
[BlackElo "2045"]
[Annotator "ChessBase"]
[PlyCount "70"]
[EventDate "2022.07.09"]
[EventType "swiss"]
[EventCountry "POL"]
[SourceTitle "playchess.com"]
[Source "ChessBase"]
[SourceQuality "1"]
[TimeControl "40/5400+30:1800+30"]

1. e4 c5 2. Nf3 d6 3. d4 cxd4 4. Nxd4 Nf6 5. Nc3 a6 6. f4 e6 7. Qf3 Qc7 8. Be3 b5 9. a3 Bb7 10. O-O-O Nbd7 11. g4 d5 12. e5 Ne4 13. Nxe4 dxe4 14. Qe2 Rc8 15. Kb1 Be7 16. g5 Nc5 17. Bh3 g6 18. Rd2 Na4 19. f5 Bxa3 20. Nxb5 axb5 21. Qxb5+ Bc6 22. Qb3 Bxb2 23. Rd6 Nc3+ 24. Kxb2 Rb8 25. fxe6 Rxb3+ 26. cxb3 O-O 27. Rc1 Na4+ 28. bxa4 Qb7+ 29. Kc3 fxe6 30. Bxe6+ Kh8 31. Rcd1 Bxa4 32. Rd8 Qc7+ 33. Bc4 Rxd8 34. Rxd8+ Qxd8 35. Bd4 Qa5+ 0-1

[Event "Najdorf Memorial-A 2022"]
[Site "Warsaw"]
[Date "2022.07.16"]
[Round "8.8"]
[White "Maslanka, Wojciech"]
[Black "Mickiewicz, Piotr"]
[Result "1-0"]
[ECO "B90"]
[WhiteElo "2000"]
[BlackElo "2284"]
[Annotator "ChessBase"]
[PlyCount "115"]
[EventDate "2022.07.09"]
[EventType "swiss"]
[EventCountry "POL"]
[SourceTitle "playchess.com"]
[Source "ChessBase"]
[SourceQuality "1"]
[TimeControl "40/5400+30:1800+30"]

1. e4 c5 2. Nf3 d6 3. d4 Nf6 4. Nc3 cxd4 5. Nxd4 a6 6. Rg1 e6 7. g4 b5 8. g5 Nfd7 9. a3 Bb7 10. Qh5 g6 11. Qh4 Nc6 12. Be3 Bg7 13. O-O-O O-O 14. Rg3 Nxd4 15. Bxd4 Bxd4 16. Rxd4 Qb6 17. Rd2 Rfe8 18. Rh3 h5 19. gxh6 d5 20. h7+ Kh8 21. Rf3 Kg7 22. Bh3 Qd8 23. Qf4 Qf6 24. exd5 Qxf4 25. Rxf4 e5 26. Bxd7 exf4 27. Bxe8 Rxe8 28. d6 Kxh7 29. Nd5 Kg7 30. Nxf4 Kf6 31. Nd5+ Kf5 32. d7 Rd8 33. Nb6 Ke6 34. Re2+ Kd6 35. Re8 Kc7 36. Kd2 Bc6 37. Rxd8 Kxd8 38. Ke3 f6 39. Kd4 Kc7 40. Kc5 Bf3 41. c3 g5 42. Nd5+ Kxd7 43. Nxf6+ Ke6 44. Ne8 Kd7 45. Ng7 Bg4 46. Kd5 Ke7 47. Ke5 Kf7 48. Nf5 Kg6 49. Ng3 a5 50. f4 gxf4 51. Kxf4 Bh3 52. Ne4 Kh5 53. Ke5 Bg2 54. Nd6 Bf1 55. Kd4 Kg4 56. Kc5 Kh3 57. Nxb5 Kxh2 58. Kb6 1-0

[Event "Najdorf Memorial-A 2022"]
[Site "Warsaw"]
[Date "2022.07.16"]
[Round "8.9"]
[White "Markiewicz, Jerzy"]
[Black "Podgorski, Maciej"]
[Result "1/2-1/2"]
[ECO "B06"]
[WhiteElo "2205"]
[BlackElo "1967"]
[Annotator "ChessBase"]
[PlyCount "79"]
[EventDate "2022.07.09"]
[EventType "swiss"]
[EventCountry "POL"]
[SourceTitle "playchess.com"]
[Source "ChessBase"]
[SourceQuality "1"]
[TimeControl "40/5400+30:1800+30"]

1. e4 g6 2. d4 Bg7 3. Nc3 d6 4. Be3 a6 5. Qd2 b5 6. f3 Nd7 7. a4 b4 8. Na2 a5 9. c3 bxc3 10. Nxc3 Bb7 11. d5 Ngf6 12. Bb5 O-O 13. Nge2 e6 14. dxe6 fxe6 15. Nf4 Qe7 16. Bc4 d5 17. exd5 Ne5 18. Ba2 exd5 19. Nfxd5 Nxd5 20. Nxd5 Bxd5 21. Qxd5+ Kh8 22. O-O c6 23. Qe4 Rab8 24. f4 Rb4 25. Qc2 Rxb2 26. Qc5 Qxc5 27. Bxc5 Ng4 28. Be6 h5 29. Bxg4 hxg4 30. Bxf8 Bxf8 31. Rac1 c5 32. f5 gxf5 33. Rxf5 Bh6 34. Re1 c4 35. Rc5 Rb4 36. Rc7 Bf8 37. Re8 Kg8 38. Rcc8 Rxa4 39. Rxf8+ Kg7 40. Rf4 1/2-1/2

[Event "Najdorf Memorial-A 2022"]
[Site "Warsaw"]
[Date "2022.07.16"]
[Round "8.10"]
[White "Shilov, Sergej"]
[Black "Kutowski, Marcel"]
[Result "0-1"]
[ECO "A27"]
[WhiteElo "2048"]
[BlackElo "1961"]
[Annotator "ChessBase"]
[PlyCount "124"]
[EventDate "2022.07.09"]
[EventType "swiss"]
[EventCountry "POL"]
[SourceTitle "playchess.com"]
[Source "ChessBase"]
[SourceQuality "1"]
[TimeControl "40/5400+30:1800+30"]

1. c4 e5 2. Nc3 Nc6 3. Nf3 g6 4. g3 Bg7 5. Bg2 d6 6. d3 f5 7. Rb1 h6 8. Bd2 g5 9. b4 Nf6 10. b5 Ne7 11. h4 g4 12. Nh2 O-O 13. Qc1 f4 14. Ne4 Nf5 15. Nxf6+ Qxf6 16. Bd5+ Kh8 17. O-O h5 18. e3 f3 19. Be4 Nxh4 20. gxh4 Qxh4 21. Kh1 Be6 22. Bxb7 Rae8 23. Be4 Qg5 24. Rg1 h4 25. Rxg4 Bxg4 26. Qg1 Bf6 27. Qxg4 Qh6 28. Qh3 Rg8 29. Bxf3 Ref8 30. Bd5 Rg7 31. Ng4 Qg6 32. Nxf6 Qxf6 33. Rf1 Qg6 34. Be4 Qh5 35. Bc3 Rg5 36. d4 Rg4 37. Bd5 e4 38. Be6 Rg6 39. d5+ Kh7 40. f4 exf3 41. e4 Qg5 42. Rd1 f2 43. Bd4 Qh5 44. Rf1 Rf3 45. Qh2 h3 46. Rxf2 Rxf2 47. Qxf2 Qd1+ 48. Kh2 Rg2+ 49. Qxg2 hxg2 50. Bg1 Qf1 51. Bf5+ Kh6 52. a4 Kg5 53. Bh3 Qf4+ 54. Kxg2 Qxe4+ 55. Kg3 Qh4+ 56. Kg2 Qxc4 57. Be3+ Kf6 58. Bxa7 Qxd5+ 59. Kg1 Qd1+ 60. Kh2 Qxa4 61. b6 Qf4+ 62. Kh1 Qc1+ 0-1

[Event "Najdorf Memorial-A 2022"]
[Site "Warsaw"]
[Date "2022.07.16"]
[Round "8.11"]
[White "Celinski, Kamil"]
[Black "Gorkiewicz, Mateusz"]
[Result "1-0"]
[ECO "C95"]
[WhiteElo "1876"]
[BlackElo "2023"]
[Annotator "ChessBase"]
[PlyCount "95"]
[EventDate "2022.07.09"]
[EventType "swiss"]
[EventCountry "POL"]
[SourceTitle "playchess.com"]
[Source "ChessBase"]
[SourceQuality "1"]
[TimeControl "40/5400+30:1800+30"]

1. e4 e5 2. Nf3 Nc6 3. Bb5 a6 4. Ba4 Nf6 5. O-O Be7 6. Re1 b5 7. Bb3 d6 8. c3 O-O 9. h3 Nb8 10. d4 Nbd7 11. Nbd2 Bb7 12. Bc2 Re8 13. Nf1 Bf8 14. Ng3 g6 15. b3 Bg7 16. d5 Rc8 17. Be3 c6 18. c4 Nb6 19. Bd3 cxd5 20. cxd5 Nbxd5 21. exd5 e4 22. Bg5 exd3 23. Ne4 Rxe4 24. Rxe4 h6 25. Bxf6 Bxf6 26. Rc1 Rxc1 27. Qxc1 Bxd5 28. Re3 Kg7 29. Qd1 Bb7 30. Rxd3 d5 31. Nd4 Qa5 32. Qd2 Qb6 33. Ne2 Be5 34. Qe3 Qc7 35. f4 Bf6 36. f5 Bg5 37. Qf2 Qe7 38. fxg6 fxg6 39. Nd4 b4 40. Rg3 Qe4 41. h4 Bc1 42. Nf5+ Kh7 43. Nd6 Qe7 44. Nxb7 Qxb7 45. Rf3 Qb8 46. Rf7+ Kg8 47. Qf6 Be3+ 48. Kh1 1-0

[Event "Najdorf Memorial-A 2022"]
[Site "Warsaw"]
[Date "2022.07.16"]
[Round "8.12"]
[White "Sowul, Bartosz"]
[Black "Harazinska, Magdalena"]
[Result "1-0"]
[ECO "B23"]
[WhiteElo "2283"]
[BlackElo "1976"]
[Annotator "ChessBase"]
[PlyCount "87"]
[EventDate "2022.07.09"]
[EventType "swiss"]
[EventCountry "POL"]
[SourceTitle "playchess.com"]
[Source "ChessBase"]
[SourceQuality "1"]
[TimeControl "40/5400+30:1800+30"]

1. e4 c5 2. Nc3 a6 3. Nf3 d6 4. g3 Nf6 5. Bg2 g6 6. d4 cxd4 7. Nxd4 Bg7 8. O-O O-O 9. h3 Qc7 10. a4 Nc6 11. Nde2 b6 12. Be3 Bb7 13. Qc1 Rfd8 14. Rd1 Nb4 15. Rd4 a5 16. Rd2 Nd7 17. Nd4 Nc5 18. Rd1 Rac8 19. Ndb5 Qd7 20. Bd4 Bxd4 21. Rxd4 Qe6 22. Qd1 Qf6 23. Ra3 h5 24. h4 Kh7 25. f4 Qh8 26. Bh3 Rb8 27. Nd5 Nxd5 28. exd5 Qf6 29. Re3 Bc8 30. Bxc8 Rbxc8 31. c3 Rd7 32. Rc4 Ra8 33. Nd4 e6 34. dxe6 fxe6 35. Nf3 Kh6 36. Rd4 Rad8 37. b4 Nb7 38. Qd2 Qf5 39. Kg2 Re8 40. Re5 Qf6 41. f5+ Kg7 42. fxg6 Rh8 43. Rf4 Qd8 44. Rxe6 1-0